 Dungeon Crawl Stone Soup version 0.28-a0-1087-gf3fc490d9d (webtiles) character file.

Game seed: 1669203796087000539

10852 siradein the Nimble (level 11, -7/84 HPs)
             Began as a Vampire Fighter on Dec 10, 2021.
             Was an Initiate of Yredelemnul.
             Mangled by a sixfirhy (11 damage)
             ... summoned by a kobold demonologist
             ... on level 11 of the Dungeon.
             The game lasted 00:37:55 (12231 turns).

siradein the Nimble (Vampire Fighter)              Turns: 12231, Time: 00:37:56

Health: -7/84      AC:  8    Str: 19    XL:     11   Next: 41%
Magic:  7/23       EV: 15    Int: 16    God:    Yredelemnul [......]
Gold:   782        SH:  6    Dex: 18    Spells: 10/10 levels left

rFire   . . .      SeeInvis +   A - +10 long sword "Newtbane" {protect, Int+4}
rCold   + . .      Faith    .   c - +0 buckler
rNeg    . . .      Spirit   .   g - +2 ring mail {rC+}
rPois   +          Reflect  .   r - +0 helmet
rElec   .          Harm     .   w - scarf {repulsion}
rCorr   .          Rampage  .   m - +2 pair of gloves {Dex+3}
Will    +....                   (no boots)
Stlth   +.........              C - amulet of regeneration
HPRegen 1.24/turn               a - ring of magical power
MPRegen 0.18/turn               y - ring of poison resistance

@: about to teleport, corroded, under a protective aura, healing quickly, repel
missiles
A: alive, fangs 3, see invisible, vampiric 2, agile 1, MP-powered wands
a: Exsanguinate, Renounce Religion, Recall Undead Harvest


You were on level 11 of the Dungeon.
You worshipped Yredelemnul.
Yredelemnul was noncommittal.
You visited 2 branches of the dungeon, and saw 12 of its levels.
You also visited: Bailey.

You collected 782 gold pieces.

Inventory:

Hand Weapons
 k - the +7 mace of Variability {chain chaos}
   (You took it off an orc warrior in a bailey)

   Each time it hits an enemy it has a different, random effect.
   It occasionally unleashes arcs of chaos on nearby creatures upon striking a
   foe.
 v - a +3 scimitar of electrocution
 A - the +10 long sword "Newtbane" (weapon) {protect, Int+4}
   (You found it on level 9 of the Dungeon)

   It grants its wielder temporary protection when it strikes (+7 to AC).
   Int:       It affects your intelligence (+4).
 D - the +3 falchion "Notoun" {antimagic, rN++}
   (You found it on level 11 of the Dungeon)

   It reduces the magical energy of the wielder, and disrupts the spells and
   magical abilities of those it strikes.
   Natural abilities and divine invocations are not affected.
   rN:        It greatly protects you from negative energy.
Armour
 c - a +0 buckler (worn)
 g - a +2 ring mail of cold resistance (worn)
 m - a +2 pair of gloves of dexterity (worn)
 r - a +0 helmet (worn)
 w - a scarf of repulsion (worn)
Jewellery
 a - a ring of magical power (left hand)
 y - a ring of poison resistance (right hand)
 C - an amulet of regeneration (around neck)
Wands
 h - a wand of iceblast (11)
 p - a wand of flame (8) (quivered)
Scrolls
 f - 3 scrolls of teleportation
 j - 4 scrolls of enchant weapon
 q - a scroll of blinking {unknown}
 t - 3 scrolls of fear
 u - a scroll of enchant armour {unknown}
 B - a scroll of magic mapping {unknown}
Potions
 b - 2 potions of mutation
 d - 3 potions of flight
 e - 3 potions of curing
 i - 5 potions of lignification
 n - a potion of invisibility {unknown}
 o - 3 potions of degeneration {unknown}
 s - 2 potions of attraction {unknown}
 x - a potion of resistance {unknown}
 z - 2 potions of haste {unknown}
Miscellaneous
 l - a phial of floods


   Skills:
 + Level 7.2 Fighting
 + Level 7.6 Long Blades
 + Level 6.6 Armour
 + Level 8.0 Dodging
 + Level 7.2 Shields
 + Level 4.1 Invocations
 + Level 5.6 Evocations


You had 10 spell levels left.
You didn't know any spells.
Your spell library contained the following spells:

 Spells                   Type           Power      Damage    Failure   Level
 Foxfire                  Conj/Fire      0%         2x1d4     38%         1
 Slow                     Hex            0%         N/A       38%         1
 Sting                    Tmut/Pois      0%         1d3       38%         1
 Ensorcelled Hibernation  Hex/Ice        0%         N/A       52%         2
 Poisonous Vapours        Pois/Air       0%         N/A       52%         2
 Confusing Touch          Hex            0%         N/A       77%         3
 Conjure Flame            Conj/Fire      0%         6-21      77%         3
 Ignite Poison            Fire/Tmut/Pois 0%         N/A       77%         3
 Inner Flame              Hex/Fire       0%         N/A       77%         3
 Mephitic Cloud           Conj/Pois/Air  0%         N/A       77%         3
 Spider Form              Tmut/Pois      0%         N/A       77%         3
 Stone Arrow              Conj/Erth      0%         3d7       77%         3
 Animate Armour           Summ/Erth      0%         N/A       99%         4
 Flame Wave               Conj/Fire      0%         2d4       99%         4
 Fulminant Prism          Conj/Hex       0%         3d6       99%         4
 Olgreb's Toxic Radiance  Pois           0%         N/A       99%         4
 Freezing Cloud           Conj/Ice/Air   0%         6-21      100%        5
 Yara's Violent Unravell  Hex/Tmut       0%         3d3       100%        5
 Lehudib's Crystal Spear  Conj/Erth      0%         10d2      100%        8


Dungeon Overview and Level Annotations

Branches:
Dungeon (11/15)            Temple (1/1) D:7            Lair (0/6) D:8
    Orc (0/2) D:10         Bailey (visited)

Altars:
Ashenzari
Cheibriados
Dithmenos
Elyvilon
Fedhas
Gozag
Hepliaklqana
Kikubaaqudgha
Makhleb
Nemelex Xobeh
Okawaru
Qazlal
Ru
Sif Muna
Trog
Uskayaw
Vehumet
Wu Jian
Xom
Yredelemnul
Zin
The Shining One

Shops:
D:1 [   D:9 *

Annotations:
D:5 3 runed translucent doors, DarkBird's ghost, weakling GnDe


Innate Abilities, Weirdness & Mutations

Your natural rate of healing is accelerated.
You have razor-sharp teeth.
You have supernaturally acute eyesight. (SInv)
You are afflicted with vampirism and can become a bat while bloodless.
You are agile. (Dex +2)
You expend magic power (3 MP) to strengthen your wands.


Message History

You hit the kobold demonologist but do no damage.
The kobold demonologist is moderately wounded.
The sixfirhy misses you. The sixfirhy closely misses you.
The rust devil misses you.
The kobold demonologist hits you with a +0 dagger.
The sixfirhy hits you! The sixfirhy shocks you!
You miss the kobold demonologist.
You bite the kobold demonologist, but do no damage.
The kobold demonologist is moderately wounded.
The sixfirhy closely misses you. The sixfirhy misses you.
The sixfirhy hits you! The sixfirhy shocks you!
* * * LOW HITPOINT WARNING * * *
The rust devil misses you.
The kobold demonologist casts a cantrip, but nothing happens.
The sixfirhy hits you.
* * * LOW HITPOINT WARNING * * *
The sixfirhy shocks you!
* * * LOW HITPOINT WARNING * * *
As you read the scroll of teleportation, it crumbles to dust.
You feel strangely unstable. The sixfirhy closely misses you.
You block the kobold demonologist's attack.
The rust devil closely misses you.
You feel magic returning to you.
You feel clever.
The +10 long sword "Newtbane" {protect, Int+4} hums with potential!
A - the +10 long sword "Newtbane" (weapon)
{protect, Int+4} You completely miss the kobold demonologist.
The kobold demonologist is lightly wounded.
The kobold demonologist hits you with a +0 dagger.
* * * LOW HITPOINT WARNING * * *
The rust devil misses you.
You hit the kobold demonologist.
Your weapon exudes an aura of protection.
The kobold demonologist is moderately wounded.
The sixfirhy hits you but does no damage.
The sixfirhy hits you.
* * * LOW HITPOINT WARNING * * *
The sixfirhy shocks you!
You die...
Yredelemnul claims you as an undead slave.

#####..# #.
##########'##
#.......)...######.
#...........3.<....
..)........######.
.55........# #.
#5########## #. #K#
#. #@### #. #43.##
#. ###..# ##.
####'### #..
#......# ###'#
#......#######....
#......'....##....
#......####..'....
#......# ####....


You could see a rust devil (summoned), a kobold demonologist, a sixfirhy
(summoned), a quasit (summoned) and 2 shadow imps.

Vanquished Creatures
  A two-headed ogre (D:9)
  2 death yaks (D:8)
  An orc knight (Bailey)
  A cyclops (D:11)
  Joseph (D:7)
  A gargoyle (D:6)
  An unseen horror (D:10)
  A hornet (D:9)
  2 wyverns (D:9)
  5 yaks (D:10)
  Edmund (D:6)
  A two-headed ogre zombie (D:10)
  An acid dragon (D:10)
  2 water moccasins
  2 ice beasts (D:8)
  8 orc warriors
  3 black bears
  A necrophage (D:6)
  An ogre (D:5)
  2 centaurs
  3 phantoms (D:10)
  2 kobold brigands
  A gnoll sergeant (D:8)
  2 scorpions
  4 bullfrogs
  2 wyvern zombies
  A water moccasin zombie (D:5)
  11 killer bees
  3 troll zombies (D:10)
  5 wights
  6 howler monkeys
  4 centaur zombies
  2 bullfrog zombies (D:6)
  3 hounds
  An orc priest (D:10)
  3 bullfrog skeletons
  5 orc wizards
  7 iguanas
  A killer bee zombie (D:7)
  4 ogre zombies (D:10)
  A howler monkey skeleton (D:7)
  4 gnolls (D:8)
  3 adders
  A white imp (D:7)
  A worm (D:5)
  5 dart slugs (D:1)
  28 orcs
  4 bats
  3 endoplasms
  3 giant cockroaches
  11 goblins
  4 hobgoblins
  6 jackals
  4 quokkas
  7 ball pythons
  3 frilled lizards
  2 goblin zombies (D:10)
  A hobgoblin skeleton (D:10)
  4 hobgoblin zombies (D:10)
  28 kobolds
  4 orc skeletons (D:10)
  10 orc zombies (D:10)
  24 rats
269 creatures vanquished.

Vanquished Creatures (collateral kills)
  A death yak (D:8)
  A centaur zombie (D:10)
  A hornet (D:9)
  A killer bee (D:9)
  A howler monkey (D:10)
  A jelly (D:8)
  A goblin (D:10)
  4 orc zombies (D:10)
11 creatures vanquished.

Vanquished Creatures (others)
  2 yak zombies (D:10)
  A bullfrog zombie (D:8)
  5 killer bee zombies
  2 gnoll zombies (D:8)
  3 goblin zombies
  7 kobold zombies
  12 orc zombies
  2 fungi (D:5)
  2 plants (D:5)
36 creatures vanquished.

Grand Total: 316 creatures vanquished

Notes
Turn   | Place    | Note
-------+----------+-------------------------------------------
     0 | D:1      | siradein the Vampire Fighter began the quest for the Orb.
     0 | D:1      | Reached XP level 1. HP: 17/17 MP: 1/1
    74 | D:1      | Reached XP level 2. HP: 22/23 MP: 2/2
   289 | D:1      | Found Ubrar's Armour Emporium.
   442 | D:1      | Reached skill level 1 in Dodging
   486 | D:1      | Gained mutation: You are afflicted with vampirism and can
                  | become a bat while bloodless. [Vampire growth]
   486 | D:1      | Reached XP level 3. HP: 28/28 MP: 3/3
  1279 | D:2      | Reached XP level 4. HP: 23/28 MP: 4/4
  1334 | D:2      | Found a faded altar of an unknown god.
  2081 | D:3      | Reached skill level 2 in Dodging
  2593 | D:3      | Reached XP level 5. HP: 32/32 MP: 5/5
  3517 | D:4      | Found a hazy altar of Hepliaklqana.
  3567 | D:4      | Reached XP level 6. HP: 28/37 MP: 6/6
  3842 | D:5      | Entered Level 5 of the Dungeon
  3868 | D:5      | Found a broken altar of Ashenzari.
  3889 | D:5      | Reached skill level 3 in Dodging
  4157 | D:5      | Found a runed translucent gate.
  4157 | D:5      | Noticed DarkBird's ghost (weakling GnDe)
  4158 | D:5      | Found a runed translucent gate.
  4158 | D:5      | Found a runed translucent gate.
  4888 | D:5      | Reached XP level 7. HP: 13/48 MP: 7/7
  5200 | D:6      | Noticed Edmund
  5201 | D:6      | Gained mutation: You are agile. (Dex +2) [potion of
                  | mutation]
  5201 | D:6      | Gained mutation: You expend magic power (3 MP) to
                  | strengthen your wands. [potion of mutation]
  5215 | D:6      | Killed Edmund
  5329 | D:6      | Noticed a gargoyle
  5343 | D:6      | Killed a gargoyle
  5344 | D:6      | Reached skill level 4 in Dodging
  5344 | D:6      | Reached skill level 1 in Evocations
  5344 | D:6      | Reached XP level 8. HP: 22/61 MP: 1/8
  5725 | D:6      | Reached skill level 5 in Long Blades
  5725 | D:6      | Reached skill level 5 in Shields
  5734 | D:6      | Reached skill level 5 in Fighting
  5734 | D:6      | Reached skill level 5 in Dodging
  6510 | D:7      | Reached XP level 9. HP: 29/68 MP: 9/9
  6847 | D:7      | Noticed Joseph
  7016 | D:7      | Killed Joseph
  7017 | D:7      | Reached skill level 5 in Armour
  7351 | D:7      | Found a staircase to the Ecumenical Temple.
  7661 | Temple   | Entered the Ecumenical Temple
  7756 | Temple   | Became a worshipper of Yredelemnul the Dark
  7962 | D:8      | Reached skill level 6 in Dodging
  7965 | D:8      | Reached * piety under Yredelemnul
  8150 | D:8      | Noticed a death yak
  8152 | D:8      | Noticed a death yak
  8153 | D:8      | Noticed a death yak
  8459 | D:8      | Reached skill level 1 in Invocations
  8623 | D:8      | Found a snail-covered altar of Cheibriados.
  8623 | D:8      | Found an ornate altar of the Wu Jian Council.
  8694 | D:8      | Killed a death yak
  8695 | D:8      | Reached XP level 10. HP: 60/76 MP: 11/11
  8869 | D:8      | Killed a death yak
  9070 | D:8      | Killed a death yak
  9225 | D:8      | Found a staircase to the Lair.
  9285 | D:8      | You fall into a shaft and drop 1 floor!
  9303 | D:9      | Paralysed by a hornet for 2 turns
  9613 | D:9      | Reached skill level 7 in Dodging
  9621 | D:9      | Identified the +10 long sword "Newtbane" {protect, Int+4}
  9740 | D:9      | Reached ** piety under Yredelemnul
  9744 | D:9      | Noticed a two-headed ogre
  9752 | D:9      | Killed a two-headed ogre
  9753 | D:9      | Reached skill level 5 in Evocations
  9855 | D:9      | Found Beid's Assorted Antiques.
 10000 | D:10     | Entered Level 10 of the Dungeon
 10092 | D:10     | Identified the +3 great sword of Dust {pain, rF+ MP+9
                  | Dex+4}
 10277 | D:10     | Found a flagged portal.
 10326 | D:10     | Reached XP level 11. HP: 40/83 MP: 13/13
 10449 | Bailey   | Entered a bailey
 10539 | Bailey   | Noticed an orc knight
 10573 | Bailey   | Killed an orc knight
 10748 | Bailey   | Got the Grimoire of the Bewitching Volcanoes
 11257 | D:10     | Found a staircase to the Orcish Mines.
 11871 | D:11     | Reached skill level 8 in Dodging
 11928 | D:11     | Noticed a white ugly thing
 12029 | D:11     | Noticed a sun demon
 12154 | D:11     | Identified the +3 falchion "Notoun" {antimagic, rN++}
 12222 | D:11     | Noticed a sixfirhy
 12230 | D:11     | HP: 3/84 [kobold demonologist (5)]
 12231 | D:11     | Mangled by a sixfirhy

Illustrated notes

Levels and vault maps discovered:
D:1:      lemuel_arrival_behind_the_door_large, layout_basic, serial_shops,
          nicolae_shop_statue_plus, minmay_misc_feat_cross, minivault_19,
          hex_large, minmay_misc_feat_chi, minmay_indecisive_spiral
D:2:      layout_rooms, ebering_ecumenical_altar_sacrificial,
          supply_closet_lemuel, hangedman_decor_clover_reticule, minmay_rat_hole
D:3:      layout_loops_ring
D:4:      layout_basic, lemuel_tele_altar, grunt_decor_cap,
          chequers_serial_rivers_small_a
D:5:      layout_basic, cheibrodos_ashenzari_chains,
          gammafunk_ghost_nasty_kobolds, chequers_serial_rivers_large_a
D:6:      layout_gridville, minmay_fractal_squares_diagonal_5, uniq_edmund
D:7:      layout_basic, temple_doors_ab, uniq_joseph
D:8:      layout_loops_ring, gammafunk_temple_overflow_pools, dpeg_lair_monsters
D:9:      layout_rooms, serial_shops, shop
D:10:     layout_stronghold, zombieorc2_lemuel, enter_bailey_5
D:11:     layout_roguey
Temple:   hc_temple_tempest_star

Skill      XL: |  1  2  3  4  5  6  7  8  9 10 11 |
---------------+----------------------------------+-----
Dodging        | 1 2 3 4 5 6 7 8 |  8.0
Shields        | 3 4 5 6 7 |  7.2
Fighting       | 3 4 5 6 7 |  7.2
Armour         | 3 4 5 6 |  6.6
Long Blades    | 3 4 5 6 7 |  7.6
Evocations     | 1 2 4 5 |  5.6
Invocations    | 1 3 4 |  4.1

Action                   |  1- 3 |  4- 6 |  7- 9 | 10-12 || total
-------------------------+-------+-------+-------+-------++-------
Melee: Long sword        |   123 |   186 |   221 |   331 ||   861
       Bite              |    12 |    19 |    47 |    66 ||   144
       Scimitar          |       |       |   114 |    56 ||   170
       Falchion          |       |       |       |    16 ||    16
Invok: Recall Undead Har |       |       |       |     2 ||     2
 Abil: Exsanguinate      |     1 |       |       |       ||     1
       Revivify          |       |     1 |       |       ||     1
Evoke: Wand              |       |       |    12 |     8 ||    20
  Use: Scroll            |       |     4 |     7 |     6 ||    17
       Potion            |       |     2 |     2 |     1 ||     5
 Stab: Sleeping          |     4 |     5 |       |       ||     9
       Distracted        |       |       |       |     2 ||     2
Armor: Ring mail         |    67 |    12 |   111 |   128 ||   318
       Scale mail        |       |    67 |       |       ||    67
Dodge: Dodged            |    57 |    76 |   232 |   270 ||   635
Block: Buckler           |    26 |    61 |   114 |   160 ||   361

Table legend: (Time is in decaauts)
 A = Elapsed time spent in this place.
 B = Non-inter-level travel time spent in this place.
 C = Inter-level travel time spent in this place.
 D = Time resting spent in this place.
 E = Time spent auto-exploring this place.
 F = Levels seen in this place.
 G = Mean time per level.
                   A        B        C        D        E       F      G
               +--------+--------+--------+--------+--------+-----+--------+
         Total |  12396 |  12032 |    364 |    998 |   7983 |  13 |  953.5 |
       Dungeon |  11810 |  11446 |    364 |    872 |   7776 |  11 | 1073.6 |
        Temple |    107 |    107 |      0 |      0 |     73 |   1 |  107.0 |
        Bailey |    478 |    478 |      0 |    126 |    134 |   1 |  478.0 |
               +--------+--------+--------+--------+--------+-----+--------+

Top non-repeatable levels by time:
     D:5: 1448 daAuts
    D:10: 1404 daAuts
     D:6: 1367 daAuts
     D:8: 1348 daAuts
     D:7: 1291 daAuts
     D:2: 1197 daAuts
     D:4: 1170 daAuts
     D:1: 799 daAuts
     D:3: 749 daAuts
     D:9: 676 daAuts
  Bailey: 478 daAuts
    D:11: 356 daAuts
  Temple: 107 daAuts
